AoeStats
← The Potato King

Golden Pit

510072636Analyzed
1v1 RM · 4d ago on Sep 29, 2026· 52m 55s· 2 players
Game mode
Random Map
Map size
Tiny (2 player)
Population
200
Speed
Normal
Resources
Standard
Victory
Conquest
Starting age
Dark Age
Ending age
Imperial Age
RankedLock teamsTeams togetherTeam positionsShared explorationLock speedFull tech treeHidden civsTurbo modeCheats
Victory
Defeat
🇹🇷 Spanish · Türkiye
1236
+15
🇬🇧 Huns · United Kingdom
1214
-15
The Potato King
2:24 Loom
9:37 Feudal Age
10:06 Double-Bit Axe
10:04 Man-at-Arms
13:40 Fletching
18:27 Horse Collar
19:01 Scale Barding Armor
19:07 Forging
25:32 Castle Age
25:01 Bloodlines
27:27 Wheelbarrow
26:53 Husbandry
28:04 Thumb Ring
28:42 Bodkin Arrow
28:49 Padded Archer Armor
28:50 Gold Mining
30:43 Light Cavalry
38:05 Ballistics
45:12 Imperial Age
43:33 Wheelbarrow
43:30 Bow Saw
43:56 Chain Barding Armor
45:38 Hand Cart
45:18 Cavalier
50:25 Plate Barding Armor
53:11 Iron Casting
TahRibat
10:58 Feudal Age
11:18 Man-at-Arms
13:43 Loom
15:01 Double-Bit Axe
21:16 Castle Age
20:09 Padded Archer Armor
24:36 Fletching
27:06 Pikeman
27:46 Squires
33:29 Leather Archer Armor
37:19 Bloodlines
40:20 Husbandry
45:01 Gold Mining
45:26 Bow Saw
48:24 Imperial Age
50:04 Chemistry
49:57 Elite Conquistador
Connection lost

Rejoining the realm…

Still unreachable

The connection could not be restored.

Session expired

The server has moved on; the page needs a fresh start.